 Dungeon Crawl Stone Soup version 0.29-a0-961-gfab03dca74 (webtiles) character file.

Game seed: 16364608104775370945

8796 Conn the Thaumaturge (level 11, 0/66 HPs)
             Began as an Octopode Fire Elementalist on July 30, 2022.
             Slain by a yak (16 damage)
             ... on level 10 of the Dungeon.
             The game lasted 00:33:56 (12492 turns).

Conn the Thaumaturge (Octopode Fire Elementalist)  Turns: 12492, Time: 00:33:57

Health: 0/66       AC:  1    Str:  7    XL:     11   Next: 36%
Magic:  25/25      EV: 15    Int: 29    God:
Gold:   592        SH:  5    Dex: 29    Spells: 9/30 levels left

rFire   + + .      SeeInvis .   e - +3 dire flail of Digouggu {vorpal, rElec Dex+5}
rCold   x x .      Faith    .   (shield currently unavailable)
rNeg    . . .      Spirit   .   (helmet restricted)
rPois   .          Reflect  +   y - amulet of reflection
rElec   +          Harm     .   g - ring of willpower
rCorr   .          Rampage  .   p - +6 ring of intelligence
Will    +....                   s - ring of fire
Stlth   +++++.....              A - ring of fire
HPRegen 0.21/turn               F - +6 ring of dexterity
MPRegen 0.19/turn               H - +6 ring of dexterity
                                (no ring)
                                (no ring)

@: studying Fighting
A: almost no armour, amphibious, 8 rings, camouflage 1, gelatinous body 1,
(nimble swimmer 1), tentacles
a: no special abilities


You were on level 10 of the Dungeon.
You visited 2 branches of the dungeon, and saw 11 of its levels.
You also visited: Sewer and Bailey.

You collected 592 gold pieces.

Inventory:

Hand Weapons
 d - a +1 dagger
 e - the +3 dire flail of Digouggu (weapon) {vorpal, rElec Dex+5}
   (You took it off an ogre on level 4 of the Dungeon)

   It inflicts extra damage upon your enemies.
   Dex:       It affects your dexterity (+5).
   rElec:     It insulates you from electricity.
 M - the +1 trident of Subterfuge {venom, *Rage Int+4 Stlth+}
   (You found it on level 9 of the Dungeon)

   It poisons the flesh of those it strikes.
   Int:       It affects your intelligence (+4).
   *Rage:     It berserks you when you make melee attacks (+20% chance).
   Stlth:     It makes you more stealthy.
Missiles
 b - 8 curare-tipped darts
 n - 21 poisoned darts
 o - 2 throwing nets
Magical Staves
 h - a staff of poison
Jewellery
 g - a ring of willpower (left tentacle)
 p - a +6 ring of intelligence (right tentacle)
 s - a ring of fire (on tentacle)
 u - the amulet of Elemental Vulnerability {rPois rF-- rC-- AC+8}
   (You took it off a kobold on level 3 of the Dungeon)

   [amulet of nothing]

   AC:        It affects your AC (+8).
   rF:        It makes you very vulnerable to fire.
   rC:        It makes you very vulnerable to cold.
   rPois:     It protects you from poison.
 x - an amulet of the acrobat
 y - an amulet of reflection (around mantle)
 A - a ring of fire (on tentacle)
 F - a +6 ring of dexterity (on tentacle)
 H - a +6 ring of dexterity (on tentacle)
 K - an amulet of magic regeneration
Wands
 I - a wand of flame (18)
 O - a wand of charming (4)
Scrolls
 f - 11 scrolls of teleportation
 k - 2 scrolls of immolation
 l - 4 scrolls of enchant armour
 q - a scroll of poison {unknown}
 C - 3 scrolls of fear
 G - a scroll of magic mapping {unknown}
 J - a scroll of amnesia
 N - a scroll of blinking {unknown}
Potions
 a - a potion of magic
 c - a potion of invisibility
 i - 8 potions of curing
 j - 2 potions of might
 m - 2 potions of ambrosia
 r - 2 potions of flight {unknown}
 t - a potion of degeneration {unknown}
 v - a potion of haste {unknown}
 w - a potion of berserk rage {unknown}
 z - a potion of cancellation {unknown}
 B - a potion of attraction {unknown}
 D - a potion of heal wounds
 E - a potion of resistance {unknown}
 L - 3 potions of brilliance {unknown}


   Skills:
 + Level 2.6 Fighting
 + Level 2.2 Short Blades
 + Level 2.6 Maces & Flails
 + Level 1.2 Polearms
 + Level 2.8 Dodging
 + Level 6.6 Stealth
 + Level 1.4 Shields
 * Level 10.1 Spellcasting
 * Level 7.2 Conjurations
 + Level 0.5 Hexes
 + Level 9.7 Fire Magic


You had 9 spell levels left.
You knew the following spells:

 Your Spells              Type           Power      Damage    Failure   Level
a - Foxfire               Conj/Fire      100%       2x1d9     1%          1
b - Conjure Flame         Conj/Fire      97%        6-21      1%          3
c - Inner Flame           Hex/Fire       79%        N/A       1%          3
d - Flame Wave            Conj/Fire      97%        2d20      1%          4
e - Scorch                Fire           100%       2d10      1%          2
f - Fireball              Conj/Fire      48%        3d19      3%          5
g - Call Canine Familiar  Summ           14%        N/A       11%         3

Your spell library contained the following spells:

 Spells                   Type           Power      Damage    Failure   Level
 Shock                    Conj/Air       100%       1d9       1%          1
 Sublimation of Blood     Necr           14%        N/A       5%          2
 Wereblood                Tmut           14%        N/A       5%          2
 Iskenderun's Battlesphe  Conj           54%        2d10      5%          5
 Portal Projectile        Hex/Tloc       32%        N/A       10%         3
 Ozocubu's Armour         Ice            14%        N/A       11%         3
 Swiftness                Air            14%        N/A       11%         3
 Cause Fear               Hex            9%         N/A       28%         4
 Leda's Liquefaction      Hex/Erth       8%         N/A       32%         4
 Airstrike                Air            7%         0-3+      36%         4
 Freezing Cloud           Conj/Ice/Air   14%        6-21      36%         5
 Conjure Ball Lightning   Conj/Air       17%        3x3d6     78%         6
 Orb of Destruction       Conj           27%        9d9       85%         7
 Simulacrum               Ice/Necr       7%         N/A       99%         6
 Ozocubu's Refrigeration  Ice            7%         4d6       100%        7
 Summon Hydra             Summ           7%         N/A       100%        7
 Discord                  Hex            9%         N/A       100%        8
 Polar Vortex             Ice            7%         N/A       100%        9


Dungeon Overview and Level Annotations

Branches:
Dungeon (10/15)            Temple (1/1) D:7            Lair (0/5) D:8
  Sewer (visited)          Bailey (visited)
    Orc: D:9-12

Altars:
Ashenzari
Cheibriados
Dithmenos
Elyvilon
Fedhas
Gozag
Hepliaklqana
Kikubaaqudgha
Makhleb
Nemelex Xobeh
Okawaru
Qazlal
Ru
Trog
Uskayaw
Vehumet
Wu Jian
Xom
Yredelemnul
Zin
The Shining One

Shops:
D:6 **   D:7 [

Annotations:
D:10 Urug


Innate Abilities, Weirdness & Mutations

You cannot wear most types of armour.
You are amphibious.
You can wear up to eight rings at the same time.
Your skin changes colour to match your surroundings (Stealth+).
Your rubbery body absorbs attacks. (AC +1, EV +1)
((You are camouflaged when in or above water. (Stealth+)))
You have tentacles for arms and can constrict up to eight enemies at once.


Message History

The foxfire hits the yak.
The yak is heavily wounded.
The foxfire hits the yak.
The yak is severely wounded.
Unknown command.
Casting: Foxfire (safe; 1% risk of failure)
Confirm with . or Enter, or press ? or * to list all spells.
You don't have enough magic to cast this spell.
Unknown command.
Casting: Foxfire (safe; 1% risk of failure)
Confirm with . or Enter, or press ? or * to list all spells.
You feel a strong surge of power!
You conjure some foxfire!
Unknown command.
The foxfire hits the yak.
The yak is severely wounded.
The foxfire hits the yak.
The yak is severely wounded.
Unknown command.
You sock the yak!
You kill the yak!
You hit the yak.
The yak is lightly wounded.
The yak gores you.
You barely miss the yak. Your squeeze misses the yak.
The yak is lightly wounded.
The yak gores you!
You puncture the yak!
The yak is moderately wounded.
The yak gores you!
Casting: Foxfire (safe; 1% risk of failure)
Confirm with . or Enter, or press ? or * to list all spells.
You feel a strong surge of power!
Flames lash the yak.
The yak is lightly wounded.
The yak's fire resistance burns away.
The yak gores you!
* * * LOW HITPOINT WARNING * * *
Unknown command.
Magic courses through your body.
The yak is no longer more vulnerable to fire.
The yak gores you!
You die...

..#
#.......#
###
#######.#
#.# #.# #)#
#.# #.# #.#
#@# #Y###
#######Y#.##
...........#
#######.#†##
#.#†# #.#.#
#.#.# #.#.#


You could see 2 yaks.

Vanquished Creatures
  A gargoyle (D:10)
  A komodo dragon (D:8)
  A troll (D:7)
  Prince Ribbit (D:5)
  Sigmund (D:3)
  The ghost of Elmgren the Stinger, an amateur OgVM (D:4)
  14 yaks
  A steam dragon (D:8)
  Duvessa (D:5)
  Pargi (Sewer)
  A black bear (D:5)
  A sky beast (D:7)
  14 orc warriors
  3 ice beasts
  2 ogres (D:4)
  16 centaurs
  A necrophage (D:6)
  2 kobold brigands
  4 bullfrogs
  3 scorpions
  3 wights (D:9)
  Dowan (D:5)
  2 howler monkeys
  2 jellies
  3 hounds (D:5)
  2 gnoll boudas
  6 orc priests
  6 iguanas
  5 orc wizards
  15 gnolls
  6 adders
  2 river rats (D:4)
  2 shadow imps
  3 white imps
  3 ufetubi (D:6)
  3 worms (D:2)
  2 dart slugs (D:2)
  50 orcs
  8 ball pythons
  2 endoplasms
  4 giant cockroaches
  5 goblins
  3 hobgoblins
  20 kobolds
  4 quokkas
  8 bats
  7 frilled lizards
  A goblin skeleton (D:6)
  2 goblin zombies (D:6)
  A hobgoblin zombie (D:6)
  A kobold skeleton (D:6)
  An orc skeleton (D:6)
  2 orc zombies (D:6)
  6 rats
  A spectral orc (D:3)
262 creatures vanquished.

Vanquished Creatures (collateral kills)
  16 foxfires
16 creatures vanquished.

Vanquished Creatures (others)
  851 foxfires
  7 plants (D:8)
858 creatures vanquished.

Grand Total: 1136 creatures vanquished

Notes
Turn   | Place    | Note
-------+----------+-------------------------------------------
     0 | D:1      | Conn the Octopode Fire Elementalist began the quest for the
                  | Orb.
     0 | D:1      | Reached XP level 1. HP: 11/11 MP: 3/3
   219 | D:1      | Reached XP level 2. HP: 8/17 MP: 0/5
   707 | D:1      | Reached XP level 3. HP: 21/21 MP: 0/6
  1434 | D:2      | Learned a level 2 spell: Scorch
  1446 | D:2      | Learned a level 3 spell: Conjure Flame
  1760 | D:2      | Found a faded altar of an unknown god.
  2013 | D:3      | Reached XP level 4. HP: 27/27 MP: 4/7
  2141 | D:3      | Noticed Sigmund
  2146 | D:3      | Killed Sigmund
  2147 | D:3      | Reached skill level 1 in Short Blades
  2147 | D:3      | Reached skill level 3 in Spellcasting
  2147 | D:3      | Reached XP level 5. HP: 26/32 MP: 0/9
  2147 | D:3      | Reached XP level 6. HP: 31/37 MP: 0/10
  2569 | D:3      | Found a basalt altar of Yredelemnul.
  2723 | D:4      | Noticed Elmgren's ghost (amateur OgVM)
  2732 | D:4      | Found a transporter.
  2738 | D:4      | Found a transporter.
  3046 | D:4      | Reached skill level 5 in Fire Magic
  3055 | D:4      | Found a broken altar of Ashenzari.
  3264 | D:4      | Reached XP level 7. HP: 29/42 MP: 9/12
  3285 | D:4      | Found a glowing drain.
  3294 | D:4      | Reached skill level 4 in Spellcasting
  3309 | Sewer    | Entered a sewer
  3475 | Sewer    | Noticed Pargi
  3479 | Sewer    | Killed Pargi
  3775 | D:4      | Identified the +3 dire flail of Digouggu {vorpal, rElec
                  | Dex+5}
  3798 | D:4      | Learned a level 3 spell: Inner Flame
  3803 | D:4      | Learned a level 4 spell: Flame Wave
  3810 | D:4      | Reached skill level 1 in Fighting
  3810 | D:4      | Killed Elmgren's ghost
  3811 | D:4      | Reached skill level 5 in Stealth
  3811 | D:4      | Reached XP level 8. HP: 42/48 MP: 5/15
  3933 | D:5      | Entered Level 5 of the Dungeon
  4017 | D:5      | Noticed Prince Ribbit
  4024 | D:5      | Killed Prince Ribbit
  4025 | D:5      | Reached skill level 5 in Spellcasting
  4439 | D:5      | Found a burning altar of Makhleb.
  4648 | D:5      | Learned a level 5 spell: Fireball
  4694 | D:5      | Noticed Dowan
  4702 | D:5      | Killed Dowan
  4703 | D:5      | Reached skill level 6 in Spellcasting
  4703 | D:5      | Noticed Duvessa
  4708 | D:5      | Killed Duvessa
  4709 | D:5      | Reached XP level 9. HP: 45/54 MP: 1/18
  4912 | D:6      | Found a glowing golden altar of the Shining One.
  5146 | D:6      | Found Jeitalle's General Store.
  5149 | D:6      | Found Femalargh's Specific Store.
  6297 | D:7      | Reached skill level 1 in Maces & Flails
  6302 | D:7      | Reached skill level 7 in Spellcasting
  6304 | D:7      | Reached skill level 1 in Shields
  6454 | D:7      | Found a staircase to the Ecumenical Temple.
  6477 | Temple   | Entered the Ecumenical Temple
  6639 | D:7      | Noticed a troll
  6646 | D:7      | Killed a troll
  7123 | D:7      | Found an ornate altar of the Wu Jian Council.
  7143 | D:7      | Found Asutuefu's Antique Armour Shop.
  7397 | D:8      | Found a flagged portal.
  7591 | D:8      | Found a sacrificial altar of Ru.
  7772 | D:8      | Learned a level 3 spell: Call Canine Familiar
  7773 | Bailey   | Entered a bailey
  8025 | Bailey   | Reached XP level 10. HP: 45/60 MP: 14/21
  8037 | Bailey   | Reached skill level 8 in Spellcasting
  8385 | Bailey   | Reached skill level 5 in Conjurations
  9268 | Bailey   | Reached skill level 9 in Spellcasting
  9592 | D:8      | Found a glowing silver altar of Zin.
 10052 | D:8      | Found a staircase to the Lair.
 10791 | D:9      | Reached XP level 11. HP: 56/64 MP: 18/24
 10870 | D:9      | Identified the +1 trident of Subterfuge {venom, *Rage Int+4
                  | Stlth+}
 10922 | D:9      | Found a snail-covered altar of Cheibriados.
 11131 | D:9      | Found an iron altar of Okawaru.
 11131 | D:9      | Found a hazy altar of Hepliaklqana.
 11139 | D:9      | Found a faded altar of an unknown god.
 11141 | D:9      | Found a blossoming altar of Fedhas.
 11143 | D:9      | Found a faded altar of an unknown god.
 11524 | D:9      | Found a hide-covered altar of Uskayaw.
 11771 | D:10     | Entered Level 10 of the Dungeon
 11790 | D:10     | Noticed Urug
 12030 | D:10     | Reached skill level 1 in Polearms
 12031 | D:10     | Reached skill level 10 in Spellcasting
 12492 | D:10     | Slain by a yak

Illustrated notes

Levels and vault maps discovered:
D:1:      heliophobic_arrival_dark_side_of_the_moon, layout_basic,
          minmay_shallow_snake_nest
D:2:      layout_loops_cross, hellmonk_ecumenical_altar_inner_sanctum
D:3:      layout_rooms, yredelemnul_forgotten_temple_becter,
          minmay_randomly_rotated_circles, uniq_sigmund
D:4:      layout_basic, mainiacjoe_overflow_concentric_impassable,
          portal_sewer_entry_b, gammafunk_ghost_smash,
          hangedman_decor_clover_reticule, corexii_leaking_fountain
D:5:      layout_basic, lemuel_coloured_pillars_altar, uniq_duvessa,
          uniq_prince_ribbit1
D:6:      layout_basic, nicolae_tso_besieged_by_evil, kennysheep_minor_cross,
          nicolae_specific_store
D:7:      layout_loops_corners, mainiacjoe_overflow_tiny_flanked,
          minmay_temple_entry_waves, serial_shops, nicolae_shop_stone,
          nicolae_zen_rock_garden, grunt_decor_cap, grunt_ministairs_2
D:8:      layout_loops_corners, zin_academy, mainiacjoe_overflow_boulevard,
          david_lair_shrubbed, enter_bailey_3
D:9:      layout_loops_ring, nicolae_uskayaw_dance_studio, lemuel_crystal_altar,
          chequers_temple_overflow_minitemple, serial_park_tiny_2
D:10:     layout_loops_ring, lemuel_blue_sif_altar, serial_shops, shop,
          ebering_ghost_gozag, uniq_urug
Temple:   hellmonk_temple_rainy

Skill      XL: |  1  2  3  4  5  6  7  8  9 10 11 |
---------------+----------------------------------+-----
Stealth        | 3 4 5 6 |  6.6
Short Blades   | 1 2 |  2.2
Spellcasting   | 3 4 6 7 9 10 | 10.1
Conjurations   | 2 4 6 7 |  7.2
Fire Magic     | 4 5 6 8 9 |  9.7
Fighting       | 1 2 |  2.6
Maces & Flails | 1 2 |  2.6
Shields        | 1 |  1.4
Polearms       | 1 |  1.2
Dodging        | |  2.8
Hexes          | |  0.5

Action                   |  1- 3 |  4- 6 |  7- 9 | 10-12 || total
-------------------------+-------+-------+-------+-------++-------
Melee: Unarmed           |     3 |       |       |       ||     3
       Constrict         |     7 |     2 |     5 |     6 ||    20
       Tentacles         |     3 |     4 |     6 |     9 ||    22
       Dagger            |    20 |     9 |    12 |       ||    41
       Dire flail        |       |       |    19 |    25 ||    44
       Punch             |       |       |     1 |       ||     1
       Trident           |       |       |       |    22 ||    22
 Cast: Foxfire           |    55 |    47 |   191 |   192 ||   485
       Scorch            |       |     6 |    33 |    45 ||    84
       Inner Flame       |       |       |     6 |     2 ||     8
       Conjure Flame     |       |       |     3 |     4 ||     7
       Flame Wave        |       |       |     2 |     8 ||    10
       Fireball          |       |       |       |     4 ||     4
       Call Canine Famil |       |       |       |     2 ||     2
  Use: Scroll            |       |     3 |     9 |       ||    12
       Potion            |       |       |     1 |     5 ||     6
 Stab: Sleeping          |     2 |     4 |    11 |     4 ||    21
Armor: Skin              |       |       |       |     1 ||     1
Dodge: Dodged            |    21 |     3 |    38 |    43 ||   105
Block: Other             |       |     1 |    11 |    17 ||    29
       Reflection        |       |       |     2 |     3 ||     5

Table legend: (Time is in decaauts)
 A = Elapsed time spent in this place.
 B = Non-inter-level travel time spent in this place.
 C = Inter-level travel time spent in this place.
 D = Time resting spent in this place.
 E = Time spent auto-exploring this place.
 F = Levels seen in this place.
 G = Mean time per level.
                   A        B        C        D        E       F      G
               +--------+--------+--------+--------+--------+-----+--------+
         Total |  12518 |  12266 |    252 |    238 |   8826 |  13 |  962.9 |
       Dungeon |  10393 |  10141 |    252 |    139 |   7397 |  10 | 1039.3 |
        Temple |     15 |     15 |      0 |      0 |      0 |   1 |   15.0 |
         Sewer |    305 |    305 |      0 |      0 |    185 |   1 |  305.0 |
        Bailey |   1803 |   1803 |      0 |     99 |   1244 |   1 | 1803.0 |
               +--------+--------+--------+--------+--------+-----+--------+

Top non-repeatable levels by time:
  Bailey: 1803 daAuts
     D:8: 1356 daAuts
     D:6: 1302 daAuts
     D:9: 1253 daAuts
     D:7: 1174 daAuts
     D:1: 1042 daAuts
     D:5: 961 daAuts
     D:4: 911 daAuts
     D:2: 880 daAuts
     D:3: 787 daAuts
    D:10: 722 daAuts
   Sewer: 305 daAuts
  Temple: 15 daAuts
